 Dungeon Crawl Stone Soup version 0.23-a0-644-gb60d84b (webtiles) character file.

20400 Borgoz the Fighter (level 12, -1/108 HPs)
             Began as a Ghoul Gladiator on Jan 1, 2019.
             Was an Elder of Makhleb.
             Slain by a tentacled starspawn (23 damage)
             ... on level 1 of the Abyss.
             The game lasted 00:35:25 (13414 turns).

Borgoz the Fighter (Ghoul Gladiator)               Turns: 13414, Time: 00:35:26

Health: -1/108     AC: 14    Str: 19    XL:     12   Next: 79%
Magic:  17/17      EV: 16    Int:  3    God:    Makhleb [****..]
Gold:   1377       SH:  0    Dex: 17    Spells: 11/11 levels left

rFire    . . .     SeeInvis .     - Unarmed
rCold    + . .     Gourm    .   (no shield)
rNeg     + + +     Faith    .   H - +0 ring mail of Muttered Phrases {rN++ Slay+2}
rPois    ∞         Spirit   .   C - +2 helmet
rElec    .         Reflect  .   F - +1 cloak {MR+}
rCorr    .         Harm     .   O - +0 pair of fencer's gloves {Riposte Dex+3}
MR       +....                  (no boots)
Stlth    +.........             q - macabre finger necklace {rN+}
HPRegen  0.00/turn              A - +2 ring of evasion
MPRegen  0.15/turn              (no ring)
                                (no ring)

@: rotting, constricted
A: rotting body, claws 1, carnivore, cold resistance 1, negative energy
resistance 3, inhibited regeneration, torment resistance, unbreathing
a: Minor Destruction, Lesser Servant of Makhleb, Major Destruction, Renounce
Religion


You were on level 1 of the Abyss.
You worshipped Makhleb.
Makhleb was greatly pleased with you.
You were not hungry.

You visited 3 branches of the dungeon, and saw 14 of its levels.
You visited the Abyss 1 time.
You also visited: Sewer.

You collected 1377 gold pieces.

Inventory:

Hand Weapons
 a - a +3 war axe of venom
 l - a +3 scimitar of flaming
 v - a +1 dagger of chaos
 N - a +0 long sword of chaos
 R - a +0 vampiric whip
Missiles
 c - 3 throwing nets (quivered)
 M - 4 tomahawks
 Q - 5 steel tomahawks
Armour
 f - a +1 ring mail
 C - a +2 helmet (worn)
 E - +0 steam dragon scales
 F - a +1 cloak of magic resistance (worn)
 H - the +0 ring mail of Muttered Phrases (worn) {rN++ Slay+2}
   (You found it on level 9 of the Dungeon)

   It affects your accuracy and damage with ranged weapons and melee attacks
   (+2).
   It greatly protects you from negative energy.
 O - the +0 pair of fencer's gloves (worn) {Riposte Dex+3}
   (You found it on level 9 of the Dungeon)

   It affects your dexterity (+3).
 S - a +0 troll leather armour
Jewellery
 k - a +3 amulet of reflection
 m - an uncursed ring of magical power
 q - the macabre finger necklace (around neck) {rN+}
   (You found it on level 7 of the Dungeon)

   [amulet of nothing]

   It protects you from negative energy.
 r - an uncursed ring of wizardry
 A - a +2 ring of evasion (left hand)
 T - an uncursed ring of ice
Wands
 n - a wand of disintegration (30)
 o - a wand of acid (4)
 p - a wand of flame (76)
 y - a wand of polymorph (3)
 B - a wand of digging (5)
Scrolls
 e - 6 scrolls of teleportation
 h - a scroll of noise {unknown}
 j - 3 scrolls of magic mapping
 t - 2 scrolls of enchant armour
 u - 4 scrolls of blinking
 I - 2 scrolls of brand weapon {unknown}
 K - 4 scrolls of amnesia
 L - a scroll of enchant weapon {unknown}
 U - a scroll of remove curse
Potions
 b - a potion of magic {unknown}
 g - 2 potions of flight {unknown}
 i - a potion of curing
 w - a potion of resistance {unknown}
 x - a potion of berserk rage {unknown}
 z - a potion of brilliance
 G - a potion of haste
Miscellaneous
 s - a sack of spiders
 J - a fan of gales
Comestibles
 d - 25 rations
 P - 2 chunks of flesh


   Skills:
 + Level 10.8 Fighting
 * Level 3.3 Axes
 - Level 1.7 Throwing
 + Level 8.8 Armour
 + Level 9.3 Dodging
 - Level 10.6 Unarmed Combat
 + Level 8.5 Invocations


You had 11 spell levels left.
You didn't know any spells.
Your spell library contained the following spells:

 Spells                   Type           Power        Failure   Level  Hunger
 Sting                    Conj/Pois      #...         67%         1    ##.....
 Sticks to Snakes         Tmut           #.......     82%         2    ###....
 Beastly Appendage        Tmut           Unusable     N/A         1    N/A
 Spider Form              Tmut/Pois      Unusable     N/A         3    N/A

Dungeon Overview and Level Annotations

Branches:
Dungeon (11/15)            Temple (1/1) D:6             Orc (2/2) D:10
   Lair: D:8-11         Elf: Orc:2

Altars:
Ashenzari
Cheibriados
Dithmenos
Elyvilon
Fedhas
Gozag
Hepliaklqana
Kikubaaqudgha
Makhleb
Nemelex Xobeh
Okawaru
Qazlal
Ru
Sif Muna
Trog
Uskayaw
Vehumet
Wu Jian
Xom
Yredelemnul
Zin
The Shining One
Beogh
Lugonu


Innate Abilities, Weirdness & Mutations

Your body is rotting away.
You thrive on raw meat.
You are immune to poison.
You have sharp fingernails.
You are carnivorous and can eat meat at any time.
Your flesh is cold resistant. (rC+)
You are immune to negative energy. (rN+++)
You do not regenerate when monsters are visible.
You are immune to unholy pain and torment.
You can survive without breathing.


Message History

The starspawn tentacle grabs you. The starspawn tentacle constricts you.
You punch the tentacled starspawn!
The starspawn tentacle loses its grip on you.
The tentacled starspawn is moderately damaged.
The tentacled starspawn bites you!!
The tentacled starspawn completely misses you.
The starspawn tentacle grabs you.
* * * LOW HITPOINT WARNING * * *
The starspawn tentacle constricts you.
Okay, then.
Okay, then.
As you read the scroll of torment, it crumbles to dust.
You feel a surge of unholy energy.
The tentacled starspawn closely misses you.
The tentacled starspawn engulfs you!
* * * LOW HITPOINT WARNING * * *
The starspawn tentacle constricts you.
As you read the scroll of torment, it crumbles to dust.
You feel a surge of unholy energy. The tentacled starspawn bites you!!
You die...

### #..# #
.%. ##.###.#
. #@w.# ##
#w#X## .
##†## #.. #
###§###...#.#
#h


Xh.. # ..## . .. . ...# . ##.#..#.##. . # ..#....### # # . ##.#.# #. You could
see a tentacled starspawn and 2 starspawn tentacles.

Vanquished Creatures
  The ghost of bli the Slicer, a journeyman DrFi of the Shining One (D:9)
  A great orb of eyes (Abyss:1)
  Fannar (Orc:2)
  Erica (D:8)
  A dancing weapon (D:9)
  A hell hog (Abyss:1)
  Urug (D:10)
  The ghost of Tovarisch the Covert, a novice FeIE of Ashenzari (Orc:1)
  2 orc knights (Orc:1)
  4 ugly things
  An orc sorcerer (D:10)
  A guardian serpent (D:10)
  A rust devil (Abyss:1)
  Joseph (D:7)
  Maurice (D:8)
  Psyche (D:8)
  A gargoyle (D:9)
  3 trolls
  7 raiju (Abyss:1)
  5 small abominations
  2 hippogriffs
  A spriggan (D:7)
  A ynoxinul (Abyss:1)
  A wyvern (D:10)
  A fire bat (Abyss:1)
  Eustachio (D:4)
  A hungry ghost (D:10)
  2 steam dragons (D:8)
  4 wargs
  Menkaure (D:7)
  A soldier ant (D:10)
  A water moccasin (D:9)
  2 ice beasts
  17 orc warriors
  A sky beast (D:8)
  A black bear (D:9)
  5 ogres
  A boggart (D:4)
  8 centaurs
  2 big kobolds (D:7)
  6 bullfrogs
  3 wyvern zombies
  A wyvern skeleton (D:7)
  Dowan (D:4)
  A water moccasin skeleton (D:7)
  2 oklob saplings (D:9)
  7 howler monkeys
  4 crimson imps
  A jelly (D:8)
  5 hounds
  A bullfrog skeleton (D:3)
  3 orc priests
  3 centaur skeletons
  A gnoll shaman (D:6)
  2 iguanas
  Ijyb (D:4)
  9 worker ants
  13 orc wizards
  A killer bee zombie (D:9)
  2 hound skeletons
  A howler monkey zombie (D:7)
  A worker ant zombie (D:6)
  9 gnolls
  24 adders
  3 shadow imps
  An ooze (D:4)
  2 adder skeletons
  2 adder zombies
  7 worms
  A dart slug (D:3)
  8 leopard geckos
  60 orcs
  6 giant cockroaches
  7 goblins
  4 hobgoblins
  2 jackals (D:9)
  16 kobolds
  4 quokkas
  9 ball pythons
  2 bats
  10 frilled lizards
  A quokka skeleton (D:6)
  4 rats
  A fungus (D:8)
  4 plants (D:9)
346 creatures vanquished.

Vanquished Creatures (collateral kills)
  An orc knight (Orc:2)
  An orc warrior (Orc:2)
2 creatures vanquished.

Vanquished Creatures (others)
  A bush (D:9)
  5 fungi (D:8)
  2 plants (D:9)
  8 starspawn tentacles (Abyss:1)
16 creatures vanquished.

Grand Total: 364 creatures vanquished

Notes
Turn   | Place    | Note
-------+----------+-------------------------------------------
     0 | D:1      | Borgoz the Ghoul Gladiator began the quest for the Orb.
     0 | D:1      | Reached XP level 1. HP: 17/17 MP: 0/0
   522 | D:1      | Reached XP level 2. HP: 19/22 MP: 1/1
   874 | D:2      | Reached skill level 1 in Armour
   874 | D:2      | Reached XP level 3. HP: 19/29 MP: 2/2
  1438 | D:3      | Reached XP level 4. HP: 17/38 MP: 3/3
  1891 | D:3      | Reached XP level 5. HP: 21/45 MP: 4/4
  2422 | D:4      | Noticed Duvessa
  2422 | D:4      | Noticed Dowan
  2433 | D:5      | Entered Level 5 of the Dungeon
  2636 | D:5      | Reached XP level 6. HP: 47/52 MP: 5/5
  2709 | D:5      | Reached skill level 5 in Unarmed Combat
  2709 | D:5      | Reached XP level 7. HP: 31/60 MP: 6/6
  2725 | D:5      | Found a glowing drain.
  2734 | Sewer    | Entered a sewer
  3564 | D:4      | Noticed Eustachio
  3574 | D:4      | Killed Eustachio
  3574 | D:4      | Reached skill level 5 in Fighting
  3593 | D:4      | Reached XP level 8. HP: 53/68 MP: 7/7
  3929 | D:4      | Noticed Ijyb
  3940 | D:4      | Killed Ijyb
  3967 | D:4      | Killed Dowan
  3967 | D:4      | Reached skill level 5 in Dodging
  3971 | D:4      | Noticed Duvessa
  3971 | D:4      | Duvessa changed into Duvessa the boggart
  3981 | D:4      | Killed Duvessa the boggart
  4777 | D:6      | Found a staircase to the Ecumenical Temple.
  4818 | D:6      | Reached XP level 9. HP: 34/78 MP: 8/8
  4824 | D:6      | Reached skill level 5 in Armour
  4875 | Temple   | Entered the Ecumenical Temple
  4948 | Temple   | Became a worshipper of Makhleb the Destroyer
  5617 | D:7      | Reached skill level 1 in Invocations
  5710 | D:7      | Found the macabre finger necklace {rN+}
  5886 | D:7      | Noticed Joseph
  5898 | D:7      | Killed Joseph
  5985 | D:7      | Noticed Menkaure
  5993 | D:7      | Reached * piety under Makhleb
  5997 | D:7      | Killed Menkaure
  6400 | D:7      | Reached XP level 10. HP: 70/86 MP: 11/11
  6577 | D:8      | Found a bloodstained altar of Trog.
  6792 | D:8      | Noticed Psyche
  6808 | D:8      | Killed Psyche
  6902 | D:8      | Noticed Erica
  7103 | D:8      | Noticed Maurice
  7115 | D:8      | Killed Maurice
  7885 | D:8      | Killed Erica
  8085 | D:9      | Found a transporter.
  8086 | D:9      | Got a spiked ring mail
  8124 | D:9      | Found a corrupted altar of Lugonu.
  8124 | D:9      | Noticed a white ugly thing
  8172 | D:9      | Reached skill level 5 in Invocations
  8194 | D:9      | Reached ** piety under Makhleb
  8301 | D:9      | Found a runed door.
  8301 | D:9      | Found a shimmering altar of Xom.
  8302 | D:9      | Found the +0 pair of fencer's gloves {Riposte Dex+3}
  8302 | D:9      | Noticed bli's ghost (journeyman DrFi)
  8302 | D:9      | Noticed a +0 long sword of chaos
  8364 | D:9      | Noticed a gargoyle
  8377 | D:9      | Killed a gargoyle
  8602 | D:9      | Found a stormy altar of Qazlal.
  8685 | D:9      | Reached XP level 11. HP: 95/95 MP: 14/14
  8721 | D:9      | Found a transporter.
  8725 | D:9      | Noticed a red ugly thing
  8833 | D:9      | Found a blossoming altar of Fedhas.
  8895 | D:9      | Identified Sif Muna's Incunabulum of Nature
  9153 | D:10     | Entered Level 10 of the Dungeon
  9275 | D:10     | Identified the cursed +0 ring mail of Muttered Phrases
                  | {rN++ Slay+2} (You found it on level 9 of the Dungeon)
  9404 | D:10     | Noticed Urug
  9521 | D:10     | Killed Urug
  9947 | D:10     | Found a staircase to the Orcish Mines.
 10096 | D:11     | Noticed a cyan ugly thing
 10133 | D:10     | Killed a cyan ugly thing
 10189 | D:9      | Killed a +0 long sword of chaos
 10215 | D:9      | Killed bli's ghost
 10259 | D:9      | Noticed a brown ugly thing
 10449 | D:9      | Killed a red ugly thing
 10464 | D:9      | Killed a white ugly thing
 10464 | D:9      | Reached *** piety under Makhleb
 10464 | D:9      | Reached skill level 10 in Unarmed Combat
 10746 | D:9      | Killed a red ugly thing
 11007 | Orc:1    | Entered Level 1 of the Orcish Mines
 11073 | Orc:1    | Noticed an orc sorcerer
 11097 | D:10     | Killed an orc sorcerer
 11097 | D:10     | Reached skill level 10 in Fighting
 11102 | D:10     | Reached XP level 12. HP: 47/106 MP: 16/16
 11404 | Orc:1    | Found a runed door.
 11404 | Orc:1    | Noticed Tovarisch's ghost (novice FeIE)
 11571 | Orc:1    | Killed Tovarisch's ghost
 11600 | Orc:2    | Entered Level 2 of the Orcish Mines
 11823 | Orc:1    | Noticed Fannar
 11847 | Orc:2    | Killed Fannar
 12282 | Orc:1    | Reached **** piety under Makhleb
 12837 | Orc:2    | Reached skill level 1 in Axes
 12986 | Orc:2    | Found a roughly hewn altar of Beogh.
 13054 | Orc:2    | Cast into level 1 of the Abyss (orc)
 13113 | Abyss:1  | Noticed a tentacled starspawn
 13150 | Abyss:1  | Noticed a great orb of eyes
 13183 | Abyss:1  | Killed a great orb of eyes
 13244 | Abyss:1  | Noticed a hell hog
 13244 | Abyss:1  | Noticed a hell hog
 13293 | Abyss:1  | Noticed a hell hog
 13309 | Abyss:1  | Killed a hell hog
 13350 | Abyss:1  | Noticed a tentacled starspawn
 13355 | Abyss:1  | Found a corrupted altar of Lugonu.
 13361 | Abyss:1  | Noticed a black draconian
 13414 | Abyss:1  | Slain by a tentacled starspawn

Vault maps used:
D:1:      minmay_arrival_three_doors, serial_forest,
          infiniplex_forest_lined_corner, infiniplex_forest_clump_large,
          infiniplex_forest_lined_3, infiniplex_forest_clump_small,
          infiniplex_forest_end_3, infiniplex_forest_clump_medium,
          infiniplex_forest_lined_3_way, infiniplex_forest_lined_corner,
          infiniplex_forest_corner_1
D:4:      uniq_ijyb, uniq_duvessa, uniq_eustachio
D:5:      first_ration, portal_sewer_entry_d
D:6:      minmay_temple_entry_statues_fountains, minivault_22
D:7:      the_bakery, hangedman_abyss_or_decor_passed, uniq_joseph,
          uniq_menkaure
D:8:      kennysheep_steamy, trog_hazing_becter, uniq_erica, uniq_maurice,
          uniq_psyche
D:9:      gammafunk_corrupted_shrine, kennysheep_mini_moat, ebering_ghost_xom,
          kennysheep_big_empty_room, introduction_to_nature_2
D:10:     wander_river, orc_0_dummy, nrook_guardian_serpent_ordinary, uniq_urug
D:11:     erik_lair_island, fungi_pond_lemuel, chequers_serial_rivers_small_b,
          grunt_ministairs_6, minivault_11, uniq_snorg
Temple:   grunt_wide_crystal_templ
Orc:1:    gammafunk_ghost_grave, uniq_fannar
Orc:2:    st_orc_town
Sewer:    sewer_frog_island_01

Skill      XL: |  1  2  3  4  5  6  7  8  9 10 11 12 |
---------------+-------------------------------------+-----
Armour         | 1 2 3 4 6 7 8 |  8.8
Dodging        | 3 4 5 6 7 8 9 |  9.3
Fighting       | 3 4 5 6 7 8 10 | 10.8
Unarmed Combat | 4 5 7 8 9 10 | 10.6
Invocations    | 3 5 7 8 |  8.5
Axes           | 3 |  3.3
Throwing       | |  1.7

Action                   |  1- 3 |  4- 6 |  7- 9 | 10-12 || total
-------------------------+-------+-------+-------+-------++-------
Melee: Unarmed           |    94 |   149 |   482 |   873 ||  1598
       Punch             |       |     4 |    11 |    59 ||    74
Invok: Lesser Servant of |       |       |       |     1 ||     1
Evoke: Wand              |       |       |     3 |     5 ||     8
  Use: Scroll            |       |     8 |     6 |     7 ||    21
       Potion            |       |       |     4 |    14 ||    18
 Stab: Invisible         |       |       |     2 |     3 ||     5
  Eat: Chunk             |     7 |    10 |    17 |    40 ||    74
Armor: Ring mail         |    21 |    39 |   152 |   203 ||   415
Dodge: Dodged            |    45 |    89 |   360 |   649 ||  1143
Block: Other             |       |       |    24 |     5 ||    29
       Reflection        |       |       |       |     3 ||     3
       Rpst.: Unarmed    |       |       |       |   102 ||   102

Table legend:
 A = Non-vault XP
 B = Vault XP
 C = Vault XP percentage of total XP
 D = Non-vault monster count
 E = Vault monster count
 F = Vault count percentage of total count
                 A         B        C        D         E       F
            +---------+---------+-------+---------+---------+-------
      Total |   14167 |   14976 |  51.4 |     243 |      99 |  28.9
            +---------+---------+-------+---------+---------+-------
        D:1 |      16 |       0 |   0.0 |       9 |       0 |   0.0
        D:2 |      45 |       0 |   0.0 |       9 |       0 |   0.0
        D:3 |     160 |       0 |   0.0 |      27 |       0 |   0.0
        D:4 |     228 |     407 |  64.1 |      24 |       4 |  14.3
        D:5 |     559 |      13 |   2.3 |      10 |       1 |   9.1
        D:6 |    1166 |       0 |   0.0 |      33 |       0 |   0.0
        D:7 |    1125 |     724 |  39.2 |      25 |       3 |  10.7
        D:8 |     734 |    2157 |  74.6 |      14 |      11 |  44.0
        D:9 |    1422 |    4440 |  75.7 |      23 |      25 |  52.1
       D:10 |    2892 |    1849 |  39.0 |      33 |       3 |   8.3
       D:11 |     130 |       0 |   0.0 |       2 |       0 |   0.0
      Orc:1 |     517 |    1965 |  79.2 |      12 |       3 |  20.0
      Orc:2 |     746 |    3161 |  80.9 |       8 |      30 |  78.9
    Abyss:1 |    4427 |       0 |   0.0 |      14 |       0 |   0.0
      Sewer |       0 |     260 | 100.0 |       0 |      19 | 100.0
            +---------+---------+-------+---------+---------+-------
